 Dungeon Crawl Stone Soup version 0.29.1-2-gbd0b4ee654 (webtiles) character file.

Game seed: 14979611235859949738

161 KittyFluff the Cudgeller (level 5, -4/33 HPs)
             Began as a Gargoyle Berserker on Nov 12, 2022.
             Was a Priest of Trog.
             Splashed by a jelly's acid (7 damage)
             ... in a sewer on Nov 13, 2022.
             The game lasted 00:10:59 (2653 turns).

KittyFluff the Cudgeller (Gargoyle Berserker)       Turns: 2653, Time: 00:11:02

Health: -4/33      AC:  0    Str: 20    XL:     5   Next: 42%
Magic:  5/5        EV: 12    Int:  8    God:    Trog [***...]
Gold:   139        SH:  0    Dex: 11    Spells: 4/4 levels left

rFire   . . .      SeeInvis .   a - +0 mace
rCold   . . .      Faith    .   (no shield)
rNeg    + . .      Spirit   .   b - +0 animal skin
rPois   ∞          Reflect  .   (no helmet)
rElec   +          Harm     .   r - +0 cloak
rCorr   .          Rampage  .   (no gloves)
Will    .....                   (no boots)
Stlth   +.........              (no amulet)
HPRegen 0.11/turn               (no ring)
MPRegen 0.09/turn               (no ring)

@: corroded
A: sickness immunity, AC +4, negative energy resistance 1, electricity
resistance, torment resistance 1, petrification resistance
a: Renounce Religion, Berserk, Trog's Hand


You were in a sewer.
You worshipped Trog.
Trog was most pleased with you.
You visited 1 branch of the dungeon, and saw 3 of its levels.
You also visited: Sewer.

You collected 139 gold pieces.

Inventory:

Hand Weapons
 a - a +0 mace (weapon)
 c - a +0 sling
Missiles
 h - 13 poisoned darts (quivered)
 k - 2 boomerangs
Armour
 b - a +0 animal skin (worn)
 p - a +0 leather armour
 r - a +0 cloak (worn)
Scrolls
 f - 2 scrolls of fear {unknown}
 g - a scroll of summoning {unknown}
 i - 2 scrolls of poison {unknown}
 j - 2 scrolls of immolation {unknown}
 o - a scroll of noise {unknown}
 s - a scroll of butterflies {unknown}
Potions
 d - 2 potions of mutation
 e - a potion of lignification
 l - 3 potions of curing
 m - 3 potions of heal wounds {unknown}
 n - 2 potions of degeneration {unknown}
 q - a potion of magic {unknown}
 t - a potion of attraction {unknown}
 u - a potion of flight {unknown}
 v - a potion of resistance {unknown}
 x - 2 potions of haste {unknown}


   Skills:
 + Level 4.0 Fighting
 + Level 4.4 Maces & Flails
 * Level 3.4 Armour
 + Level 2.2 Dodging
 + Level 0.5 Stealth


You had 4 spell levels left.
You didn't know any spells.
Your spell library was empty.

Dungeon Overview and Level Annotations

Branches:
Dungeon (3/15)              Sewer (1/1)

Altars:
Elyvilon


Innate Abilities, Weirdness & Mutations

You are immune to sickness and miasma.
Your stone body is resilient. (AC +4)
You are immune to poison.
You resist negative energy. (rN+)
You are resistant to electric shocks. (rElec)
You are resistant to unholy torment.
You are immune to petrification.


Message History

You hit the river rat but do no damage.
The river rat is heavily wounded.
The river rat bites you.
You closely miss the river rat.
The river rat is heavily wounded.
The river rat barely misses you.
You hit the river rat.
The river rat is almost dead.
The river rat closely misses you.
You barely miss the river rat.
The river rat is almost dead.
The river rat bites you but does no damage.
You hit the river rat.
You kill the river rat!
Trog accepts your kill. The endoplasm freezes you.
You are frozen.
You sock the endoplasm!
You kill the endoplasm!
Trog accepts your kill.
A jelly comes into view.
You see here a river rat corpse.
You start resting.
HP restored.
You enter the shallow water.
Moving in this stuff is going to be slow.
The jelly quivers.
The jelly hits you but does no damage.
You thump the jelly!
Your hands burn!
The jelly is heavily wounded.
The jelly hits you. The acid corrodes you!
You are splashed with acid!
The jelly hits you.
You are splashed with acid!
* * * LOW HITPOINT WARNING * * *
You hit the jelly but do no damage. The acid corrodes you!
Your hands burn!
* * * LOW HITPOINT WARNING * * *
The jelly is heavily wounded.
The jelly hits you.
* * * LOW HITPOINT WARNING * * *
The acid corrodes you!
You are splashed with acid!
You die...

#..~~~#########.....# .~
#~.~### ###†.~## #..# #..##
##..~## #~~.# #..#
#~.~.###.~~# #..# ##.~..~..~#
#~†########### ###..~...###
#..~.......~.# ##..##~~~~~~.#
#.~~.~.~.†~.~###J~.##..~~~~~..
###########..##~@.##~.~#.~.~..
### #~.##.~##~~.##~~.##. ≈≈#
#~.##~†.~.~## J..~#
.≈#########..###...~.# S#.~#
~......†~~...# ####..# .~#
~~.....~...~.# #~~.#
.≈############ #..~~. ≈≈#
##.~.~. ### #~~###


You could see a jelly.

Vanquished Creatures
  3 adders
  4 river rats
  3 worms
  2 dart slugs (D:2)
  2 orcs (D:3)
  9 bats
  13 endoplasms
  9 giant cockroaches
  5 goblins
  2 hobgoblins (D:1)
  4 quokkas
  5 ball pythons
  7 frilled lizards
  8 kobolds
  9 rats
85 creatures vanquished.

Notes
Turn   | Place    | Note
-------+----------+-------------------------------------------
     0 | D:1      | KittyFluff the Gargoyle Berserker began the quest for the
                  | Orb.
     0 | D:1      | Reached XP level 1. HP: 14/14 MP: 1/1
   281 | D:1      | Reached XP level 2. HP: 19/19 MP: 2/2
   990 | D:2      | Reached XP level 3. HP: 23/23 MP: 3/3
  1150 | D:2      | Found a white marble altar of Elyvilon.
  1183 | D:2      | Reached ** piety under Trog
  1401 | D:2      | Reached XP level 4. HP: 24/29 MP: 4/4
  1684 | D:3      | Found a faded altar of an unknown god.
  2128 | D:3      | Found a glowing drain.
  2159 | D:3      | Reached XP level 5. HP: 25/33 MP: 5/5
  2164 | Sewer    | Entered a sewer
  2293 | Sewer    | Reached *** piety under Trog
  2653 | Sewer    | Splashed by a jelly's acid

Illustrated notes

Levels and vault maps discovered:
D:1:      lightli_arrival_boilingwater, layout_rooms
D:2:      layout_basic, basic_altar, grunt_ministairs_11, minmay_close_crescents
D:3:      cheibrodos_greedy_goblins, layout_loops_cross, portal_sewer_entry_a,
          nicolae_ecumenical_lake_church, dk_vineyard_2
Sewer:    sewer_hellmonk_slimy_pipes

Skill      XL: |  1  2  3  4  5 |
---------------+----------------+-----
Armour         | 3 |  3.4
Dodging        | 2 |  2.2
Maces & Flails | 4 |  4.4
Fighting       | 4 |  4.0
Stealth        | |  0.5

Action                   |  1- 3 |  4- 6 || total
-------------------------+-------+-------++-------
Melee: Mace              |   125 |   130 ||   255
       Punch             |     1 |     1 ||     2
Invok: Berserk           |     1 |     1 ||     2
  Use: Scroll            |     2 |     1 ||     3
 Stab: Sleeping          |     1 |       ||     1
Armor: Animal skin       |    49 |    40 ||    89
Dodge: Dodged            |    83 |    67 ||   150
